 Dungeon Crawl Stone Soup version 0.29.0 (webtiles) character file.

Game seed: 13975404249814334427

157 tchen the Sneak (level 5, -3/31 HPs)
             Began as an Octopode Earth Elementalist on Sept 1, 2022.
             Slain by Grinder (5 damage)
             ... on level 3 of the Dungeon.
             The game lasted 00:04:33 (2891 turns).

tchen the Sneak (Octopode Earth Elementalist)       Turns: 2891, Time: 00:04:34

Health: -3/31      AC:  1    Str:  8    XL:     5   Next: 38%
Magic:  1/8        EV: 13    Int: 19    God:
Gold:   161        SH:  0    Dex: 12    Spells: 7/8 levels left

rFire   . . .      SeeInvis .   f - +0 dagger
rCold   . . .      Faith    .   (no shield)
rNeg    . . .      Spirit   .   (helmet restricted)
rPois   +          Reflect  .   (no amulet)
rElec   .          Harm     .   g - ring of willpower
rCorr   .          Rampage  .   j - ring of poison resistance
Will    +....                   (no ring)
Stlth   ++++......              (no ring)
HPRegen 0.10/turn               (no ring)
MPRegen 0.11/turn               (no ring)
                                (no ring)
                                (no ring)

@: no status effects
A: almost no armour, amphibious, 8 rings, camouflage 1, gelatinous body 1,
(nimble swimmer 1), tentacles
a: no special abilities


You were on level 3 of the Dungeon.
You visited 1 branch of the dungeon, and saw 3 of its levels.

You collected 161 gold pieces.

Inventory:

Hand Weapons
 f - a +0 dagger (weapon)
Jewellery
 g - a ring of willpower (left tentacle)
 j - a ring of poison resistance (right tentacle)
Wands
 l - a wand of light (12)
Scrolls
 e - a scroll of identify {unknown}
 k - 4 scrolls of teleportation
 o - 3 scrolls of fear {unknown}
 p - a scroll of poison {unknown}
Potions
 a - a potion of magic
 b - a potion of attraction {unknown}
 c - a potion of haste {unknown}
 d - a potion of flight {unknown}
 h - a potion of ambrosia {unknown}
 i - 2 potions of heal wounds {unknown}
 m - a potion of curing {unknown}
 n - a potion of resistance {unknown}


   Skills:
 - Level 2.0 Dodging
 - Level 6.0 Stealth
 - Level 2.0 Spellcasting
 + Level 2.0 Transmutations
 - Level 4.1 Earth Magic


You had 7 spell levels left.
You knew the following spells:

 Your Spells              Type           Power      Damage    Failure   Level
a - Sandblast             Erth           34%        2d9       3%          1

Your spell library contained the following spells:

 Spells                   Type           Power      Damage    Failure   Level
 Passwall                 Tmut/Erth      10%        N/A       7%          2
 Stone Arrow              Conj/Erth      18%        3d8       22%         3
 Ignite Poison            Fire/Tmut/Pois 4%         N/A       36%         3
 Petrify                  Tmut/Erth      13%        N/A       43%         4
 Conjure Flame            Conj/Fire      1%         6-21      45%         3
 Sticky Flame             Conj/Fire      1%         2d3       86%         4


Dungeon Overview and Level Annotations

Branches:
Dungeon (3/15)

Altars:

Shops:
D:3 *

Annotations:
D:3 Grinder


Innate Abilities, Weirdness & Mutations

You cannot wear most types of armour.
You are amphibious.
You can wear up to eight rings at the same time.
Your skin changes colour to match your surroundings (Stealth+).
Your rubbery body absorbs attacks. (AC +1, EV +1)
((You are camouflaged when in or above water. (Stealth+)))
You have tentacles for arms and can constrict up to eight enemies at once.


Message History

Grinder says, "Mostly I couldn't keep them alive."
Grinder gestures at you.
You suddenly lose the ability to move!
Grinder hits you!
You writhe in agony.
Grinder hits you but does no damage. Grinder hits you.
You writhe in agony.
You can move again.
You are too injured to fight recklessly!
You are too injured to fight recklessly!
Casting: Sandblast (safe; 3% risk of failure)
Confirm with . or Enter, or press ? or * to list all spells.
Aiming: Sandblast (safe; 3% risk of failure)
Press: ? - help, Shift-Dir - straight line, f/p - Grinder
Aim: Grinder (severely wounded, 80% to hit)
The blast of sand hits Grinder.
Grinder is severely wounded.
Grinder hits you.
You writhe in agony.
* * * LOW HITPOINT WARNING * * *
Casting: Sandblast (safe; 3% risk of failure)
Confirm with . or Enter, or press ? or * to list all spells.
Aiming: Sandblast (safe; 3% risk of failure)
Press: ? - help, Shift-Dir - straight line, f/p - Grinder
Aim: Grinder (severely wounded, 80% to hit)
The blast of sand hits Grinder.
Grinder is almost dead.
Grinder blinks!
Casting: Sandblast (safe; 3% risk of failure)
Confirm with . or Enter, or press ? or * to list all spells.
You can't see any susceptible monsters within range! (Use Z to cast anyway.) Unknown command.
Casting: Sandblast (safe; 3% risk of failure)
Confirm with . or Enter, or press ? or * to list all spells.
Aiming: Sandblast (safe; 3% risk of failure)
Press: ? - help, Shift-Dir - straight line, f/p - Grinder
Aim: Grinder (severely wounded, 80% to hit)
The blast of sand misses Grinder.
Grinder hits you.
* * * LOW HITPOINT WARNING * * *
You writhe in agony.
You die...

###.........#
.........##.#
###.##.......
###.###.################
................../.....
..#.###...#..#..#..#..#
..#.# #.........?......
..#.###...#..#..#5.#..#.
................@.......
..######################
####### ..# #.#
####...... #.# #.#
.......... #.# #.#
#####.....#
#.##############.#
..........#
............)....#
#######....
..################
#......... ###
#.####.###


You could see Grinder.

Vanquished Creatures
  Natasha (thrice) (D:3)
  An adder (D:2)
  3 dart slugs
  A worm (D:2)
  10 ball pythons
  8 bats
  8 endoplasms
  6 giant cockroaches
  5 goblins
  3 hobgoblins
  2 jackals (D:2)
  6 kobolds
  A quokka (D:2)
  3 frilled lizards (D:1)
  A rat (D:2)
61 creatures vanquished.

Notes
Turn   | Place    | Note
-------+----------+-------------------------------------------
     0 | D:1      | tchen the Octopode Earth Elementalist began the quest for
                  | the Orb.
     0 | D:1      | Reached XP level 1. HP: 11/11 MP: 3/3
   154 | D:1      | Reached skill level 3 in Stealth
   166 | D:1      | Reached XP level 2. HP: 17/17 MP: 0/5
   172 | D:1      | Reached skill level 4 in Stealth
   492 | D:1      | Reached XP level 3. HP: 21/21 MP: 3/6
   563 | D:1      | Reached skill level 5 in Stealth
   722 | D:1      | Found a faded altar of an unknown god.
  1316 | D:2      | Reached XP level 4. HP: 27/27 MP: 7/7
  1404 | D:2      | Reached skill level 6 in Stealth
  1889 | D:3      | Noticed Natasha
  1897 | D:3      | Killed Natasha
  1993 | D:3      | Noticed Natasha
  2177 | D:3      | Killed Natasha
  2178 | D:3      | Reached XP level 5. HP: 19/31 MP: 4/8
  2431 | D:3      | Found Awnosu's General Store.
  2854 | D:3      | Noticed Natasha
  2857 | D:3      | Killed Natasha
  2874 | D:3      | Noticed Grinder
  2883 | D:3      | Paralysed by Grinder for 4 turns
  2891 | D:3      | Slain by Grinder

Illustrated notes

Levels and vault maps discovered:
D:1:      ncdulo_watergridlock, layout_basic, ebering_ecumenical_altar_rust
D:2:      layout_basic
D:3:      layout_loops_ring, serial_shops, nicolae_shop_advertising_works
          [nicolae_subvault_shop_adworks], columned_hall_lemuel,
          serial_bayou_pond_a, uniq_natasha, uniq_grinder

Skill      XL: |  1  2  3  4  5 |
---------------+----------------+-----
Stealth        | 3 4 5 6 |  6.0
Earth Magic    | 4 |  4.1
Transmutations | 2 |  2.0
Dodging        | |  2.0
Spellcasting   | |  2.0

Action                   |  1- 3 |  4- 6 || total
-------------------------+-------+-------++-------
Melee: Unarmed           |     5 |       ||     5
       Constrict         |     3 |     3 ||     6
       Tentacles         |     3 |       ||     3
       Punch             |     1 |       ||     1
       Dagger            |     7 |    12 ||    19
 Cast: Sandblast         |    43 |    36 ||    79
  Use: Scroll            |       |     1 ||     1
 Stab: Sleeping          |     5 |     1 ||     6
Armor: Skin              |     2 |     5 ||     7
Dodge: Dodged            |    20 |    18 ||    38
